 Dungeon Crawl Stone Soup version 0.27.1 (webtiles) character file.

Game seed: 4189135944208987146

117331 ZARRMARR the Eclecticist (level 16, -23/98 HPs)
             Began as a Deep Elf Earth Elementalist on Aug 31, 2021.
             Was an Elder of Sif Muna.
             Splashed with acid (45 damage)
             ... on level 1 of the Pits of Slime on Sept 1, 2021.
             The game lasted 05:05:18 (40708 turns).

ZARRMARR the Eclecticist (DEEE)                    Turns: 40708, Time: 05:05:19

Health: -23/98     AC: 31    Str:  5    XL:     16   Next: 23%
Magic:  34/42      EV: 23    Int: 36    God:    Sif Muna [****..]
Gold:   4189       SH:  5    Dex: 15    Spells: 25/55 levels left

rFire    . . .     SeeInvis .   Q - +8 longbow
rCold    . . .     Faith    .   (shield currently unavailable)
rNeg     + . .     Spirit   .   (armour currently unavailable)
rPois    ∞         Reflect  +   V - +0 helmet of Aqevut {Regen+ Int+2}
rElec    +         Harm     .   G - +0 cloak
rCorr    .         Rampage  .   (gloves currently unavailable)
Will     +....                  (boots currently unavailable)
Stlth    +++.......             F - amulet of reflection
HPRegen  1.26/turn              Y - +4 ring of evasion
MPRegen  0.28/turn              i - +6 ring of intelligence

@: statue-form, flying, very slow
A: slow and powerful, torment resistance 1, boosted hp
a: End Transformation, Renounce Religion, Channel Magic, Forget Spell, Divine
Exegesis


You were on level 1 of the Pits of Slime.
You worshipped Sif Muna.
Sif Muna was greatly pleased with you.
You were a living statue of rough stone.
You visited 7 branches of the dungeon, and saw 29 of its levels.
You also visited: Gauntlet.

You collected 4646 gold pieces.
You spent 457 gold pieces at shops.

Inventory:

Hand Weapons
 H - the +10 double sword of Niucw {distort, +Blink rC- rN+ Will+}
   (You found it on level 3 of the Swamp)

   It warps and distorts space around it, and may blink, banish, or inflict
   extra damage upon those it strikes.
   Unwielding it can cause banishment or high damage.
   rC:        It makes you vulnerable to cold.
   rN:        It protects you from negative energy.
   +Blink:    It lets you blink.
   Will:      It increases your willpower.
 Q - a +8 longbow (weapon)
Missiles
 a - 293 arrows (quivered ammo)
 l - 11 silver javelins
 A - 2 curare-tipped darts
 E - 5 silver boomerangs
Armour
 r - a +1 pair of boots (melded)
 v - the +3 leather armour of Rorub {Fly rC+}
   (You found it on level 1 of the Swamp)

   rC:        It protects you from cold.
   Fly:       It grants you flight.
 x - a +0 pair of gloves (melded)
 G - a +0 cloak (worn)
 V - the +0 helmet of Aqevut (worn) {Regen+ Int+2}
   (You acquired it on level 1 of the Lair of Beasts)

   Int:       It affects your intelligence (+2).
   Regen:     It increases your rate of health regeneration.
 W - the +1 leather armour of Love and Death (melded) {Drain rPois Will++ rCorr}
   (You found it on level 1 of the Lair of Beasts)

   rPois:     It protects you from poison.
   rCorr:     It protects you from acid and corrosion.
   Drain:     It drains your maximum health when unequipped.
   Will:      It greatly increases your willpower.
Jewellery
 i - a +6 ring of intelligence (right fist)
 F - an amulet of reflection (around neck)
 Y - a +4 ring of evasion (left fist)
Wands
 p - a wand of flame (51)
 q - a wand of charming (7)
 C - a wand of paralysis (45)
 K - a wand of iceblast (50)
 P - a wand of mindburst (10)
 R - a wand of digging (16)
 U - a wand of acid (5)
 X - a wand of polymorph (11)
Scrolls
 d - 3 scrolls of torment {unknown}
 f - 4 scrolls of noise {unknown}
 g - 3 scrolls of amnesia
 t - 3 scrolls of summoning {unknown}
 u - 3 scrolls of fog
 y - 4 scrolls of silence {unknown}
 B - 2 scrolls of fear {unknown}
 D - a scroll of magic mapping {unknown}
 J - 2 scrolls of holy word {unknown}
 M - 5 scrolls of enchant armour
 N - 3 scrolls of immolation {unknown}
 S - a scroll of vulnerability {unknown}
Potions
 c - 3 potions of invisibility
 e - 5 potions of brilliance
 h - 6 potions of lignification
 k - 7 potions of curing
 n - 4 potions of flight
 o - a potion of attraction
 s - 5 potions of berserk rage
 z - 3 potions of might
 I - 2 potions of mutation
 L - 3 potions of haste
 O - a potion of resistance
 T - 4 potions of ambrosia
 Z - 3 potions of cancellation
Miscellaneous
 b - a condenser vane
 m - a box of beasts
 w - a phial of floods


   Skills:
 * Level 14.2 Dodging
 + Level 4.9 Stealth
 + Level 20.0 Spellcasting
 * Level 15.0 Necromancy
 - Level 1.1 Transmutations
 + Level 15.0 Earth Magic
 * Level 10.6 Invocations


You had 25 spell levels left.
You knew the following spells:

 Your Spells              Type           Power      Damage    Failure   Level
a - Sandblast             Erth           100%       2d20      0%          1
b - Stone Arrow           Conj/Erth      100%       3d13      1%          3
c - Apportation           Tloc           72%        N/A       1%          1
d - Passwall              Tmut/Erth      63%        N/A       1%          2
e - Dispel Undead         Necr           98%        3d31      0%          4
f - Borgnjor's Vile Clut  Necr/Erth      48%        N/A       1%          5
g - Bolt of Magma         Conj/Fire/Erth 32%        4d14      3%          5
h - Portal Projectile     Hex/Tloc       72%        N/A       2%          3
i - Statue Form           Tmut/Erth      50%        N/A       4%          6

Your spell library contained the following spells:

 Spells                   Type           Power      Damage    Failure   Level
 Animate Skeleton         Necr           100%       N/A       0%          1
 Corona                   Hex            40%        N/A       1%          1
 Summon Small Mammal      Summ           100%       N/A       1%          1
 Corpse Rot               Necr/Air       N/A        N/A       1%          2
 Leda's Liquefaction      Hex/Erth       37%        N/A       1%          4
 Petrify                  Tmut/Erth      76%        N/A       1%          4
 Agony                    Necr           98%        N/A       1%          5
 Excruciating Wounds      Necr           49%        N/A       1%          5
 Death Channel            Necr           49%        N/A       1%          6
 Dazzling Flash           Conj/Hex       72%        N/A       2%          3
 Frozen Ramparts          Ice            72%        1d9       2%          3
 Gell's Gravitas          Tloc           18%        N/A       2%          3
 Inner Flame              Hex/Fire       36%        N/A       2%          3
 Lesser Beckoning         Tloc           18%        N/A       2%          3
 Teleport Other           Tloc           36%        N/A       2%          3
 Iron Shot                Conj/Erth      37%        9d7       6%          6
 Simulacrum               Ice/Necr       37%        N/A       6%          6
 Ice Form                 Ice/Tmut       40%        N/A       7%          4
 Cause Fear               Hex            18%        N/A       9%          4
 Summon Ice Beast         Ice/Summ       36%        N/A       9%          4
 Blade Hands              Tmut           22%        N/A       14%         5
 Irradiate                Conj/Tmut      20%        3d20      19%         5
 Fireball                 Conj/Fire      18%        3d9       22%         5
 Silence                  Hex/Air        18%        N/A       22%         5
 Conjure Ball Lightning   Conj/Air       18%        3x3d6     77%         6
 Dispersal                Tloc           18%        N/A       77%         6
 Shadow Creatures         Summ           N/A        N/A       77%         6
 Starburst                Conj/Fire      18%        6d7       77%         6
 Dragon Form              Tmut           22%        N/A       99%         7
 Discord                  Hex            18%        N/A       100%        8
 Disjunction              Tloc           18%        N/A       100%        8


Dungeon Overview and Level Annotations

Branches:
Dungeon (15/15)            Temple (1/1) D:4            Lair (6/6) D:8
  Swamp (3/4) Lair:3       Spider (1/4) Lair:2        Slime (1/5) Lair:6
    Orc (2/2) D:9             Elf (0/3) Orc:2        Vaults (0/5) D:13
 Depths (0/5) D:15        Gauntlet (visited)

Altars:
Ashenzari
Cheibriados
Dithmenos
Elyvilon
Fedhas
Gozag
Hepliaklqana
Kikubaaqudgha
Makhleb
Nemelex Xobeh
Okawaru
Qazlal
Ru
Sif Muna
Trog
Uskayaw
Vehumet
Wu Jian
Xom
Yredelemnul
Zin
The Shining One

Shops:
D:13 !   Orc:1 *?[(!

Annotations:
D:14 Louise
D:15 Jorgrun
Swamp:3 Bai Suzhen
Spider:1 Agnes
Orc:2 3 runed translucent doors, Saint Roka; velxir3's ghost, journeyman GnWn


Message History

The rockslime closely misses you.
The slime creature quivers.
The golden eye blinks!
As you read the scroll of teleportation, it crumbles to dust.
You feel strangely unstable. The rockslime misses you.
Casting: Stone Arrow (safe; 1% risk of failure)
Confirm with . or Enter, or press ? or * to list all spells.
You turn into a living statue of rough stone.
Your +0 pair of gloves melds into your body.
Your +1 pair of boots melds into your body.
The +1 leather armour of Love and Death {Drain rPois Will++ rCorr} melds into your body.
The azure jelly misses you.
The azure jelly hits you but does no damage. x2
The azure jelly closely misses you. The rockslime hits you!
You stumble backwards!
Unknown command.
Casting: Statue Form (dangerous; 4% risk of failure)
Confirm with . or Enter, or press ? or * to list all spells.
Aiming: Bolt of Magma (dangerous; 3% risk of failure)
Press: ? - help, Shift-Dir - straight line
Okay, then.
Unknown command.
Casting: Bolt of Magma (dangerous; 3% risk of failure)
Confirm with . or Enter, or press ? or * to list all spells.
Aiming: Stone Arrow (safe; 1% risk of failure)
Press: ? - help, Shift-Dir - straight line, f - rockslime
Aim: a rockslime (100% to hit)
The stone arrow hits the rockslime.
The rockslime is lightly wounded.
Your surroundings suddenly seem different.
Unknown command.
Press: ? - help, v - describe, . - travel The floor.
Unknown command.
You are splashed with acid!!
You feel very buoyant.
You fly up into the air.
You are splashed with acid!!
* * * LOW HITPOINT WARNING * * *
You are splashed with acid!!!
You die...

###
#..#
##...
##...
...
#.#
##8##
#...#
##..#
#...#
##.##
###


There were no monsters in sight!

Vanquished Creatures
  2 tentacled monstrosities
  The ghost of OhItsWolfy the Warrior, a journeyman HOFi of Okawaru (Lair:3)
  5 bunyips
  A minotaur (Gauntlet)
  The ghost of Feinoh the Spear-Bearer, a journeyman OpFi of Cheibriados (Lair:5)
  A shambling mangrove (Swamp:1)
  2 eleionomae
  8 boulder beetles
  Harold (D:8)
  A vault guard (D:13)
  A rakshasa (D:14)
  A ghost crab (Swamp:1)
  4 catoblepae
  11 hydras
  A death knight (D:13)
  3 centaur warriors
  10 death yaks (Lair:6)
  4 two-headed ogres
  2 tengu warriors (D:14)
  8 alligators
  The ghost of bnorton916 the Jinx, a journeyman DECj of Vehumet (Lair:2)
  Urug (Orc:1)
  2 orc high priests (Orc:2)
  A deep elf knight (D:13)
  A soul eater (Gauntlet)
  2 spriggan druids
  3 goliath frogs
  2 swamp dragons
  2 bog bodies
  An orange crystal statue (D:10)
  3 deep elf pyromancers
  4 oklob plants (Lair:3)
  11 ugly things
  4 manticores
  4 orc sorcerers
  A worldbinder (Gauntlet)
  6 cyclopes
  3 will-o-the-wisps
  18 elephants
  A black mamba (shapeshifter) (D:15)
  A torpor snail (Lair:2)
  2 black mambas
  4 gargoyles
  A minotaur zombie (Gauntlet)
  2 kobold demonologists (D:13)
  2 rime drakes
  13 cane toads
  A freezing wraith (D:15)
  12 komodo dragons
  An efreet (D:14)
  A tengu conjurer (D:12)
  6 tyrant leeches
  A meliai (shapeshifter) (D:15)
  5 bloated husks
  A troll (D:10)
  A hornet (Swamp:1)
  2 polar bears (Lair:4)
  4 blink frogs
  10 slime creatures
  48 yaks
  3 spriggans (Swamp:1)
  A tarantella (Spider:1)
  5 wyverns
  A redback (Lair:2)
  A shadow (D:12)
  2 wraiths
  A golden eye (Slime:1)
  3 basilisks
  12 vampire mosquitoes
  14 swamp worms
  A warg (Orc:2)
  4 steam dragons (D:8)
  2 acid dragons
  17 water moccasins
  16 orc warriors
  An ice beast (D:8)
  2 swamp drakes
  2 black bears
  2 necrophages
  2 boggarts (Gauntlet)
  4 ogres
  7 wolves
  4 centaurs
  A phantom (D:5)
  4 kobold brigands
  A gnoll sergeant (Orc:1)
  11 bullfrogs
  3 scorpions
  A wyvern skeleton (D:7)
  A water moccasin skeleton (D:3)
  6 killer bees
  7 wights
  5 howler monkeys
  4 lava snakes (D:10)
  3 centaur zombies
  3 hounds
  3 jellies
  6 orc priests
  A bullfrog skeleton (D:5)
  A gnoll shaman (Orc:2)
  2 iguanas
  17 orc wizards
  6 hell rats (Lair:4)
  A killer bee zombie (D:8)
  A hound zombie (D:5)
  A howler monkey skeleton (D:4)
  10 gnolls
  3 adders
  5 shadow imps
  2 white imps (D:7)
  An adder skeleton (D:4)
  3 worms
  3 dart slugs
  59 orcs
  9 endoplasms
  7 giant cockroaches
  21 goblins
  5 hobgoblins
  15 kobolds
  5 quokkas
  4 ball pythons
  5 bats
  5 frilled lizards
  A quokka skeleton (D:4)
  5 rats
621 creatures vanquished.

Vanquished Creatures (others)
  8 foxfires
  20 fungi
  41 plants
  2 withered plants (Lair:2)
71 creatures vanquished.

Grand Total: 692 creatures vanquished

Notes
Turn   | Place    | Note
-------+----------+-------------------------------------------
     0 | D:1      | ZARRMARR the Deep Elf Earth Elementalist began the quest
                  | for the Orb.
     0 | D:1      | Reached XP level 1. HP: 10/10 MP: 6/6
   185 | D:1      | Reached XP level 2. HP: 15/15 MP: 5/8
   653 | D:1      | Reached XP level 3. HP: 19/19 MP: 1/10
   748 | D:1      | Learned a level 1 spell: Apportation
  1426 | D:2      | Reached skill level 4 in Spellcasting
  1439 | D:2      | Learned a level 3 spell: Stone Arrow
  1546 | D:2      | Reached skill level 1 in Necromancy
  1547 | D:2      | Reached XP level 4. HP: 24/24 MP: 9/12
  2599 | D:3      | Noticed a necrophage
  2686 | D:4      | Found a staircase to the Ecumenical Temple.
  2795 | D:4      | Reached skill level 5 in Spellcasting
  2795 | D:4      | Reached XP level 5. HP: 28/28 MP: 7/14
  3497 | D:4      | Reached skill level 5 in Earth Magic
  3542 | Temple   | Entered the Ecumenical Temple
  3675 | Temple   | Became a worshipper of Ru the Awakened
  3795 | D:4      | Reached XP level 6. HP: 32/32 MP: 11/16
  4213 | D:3      | Reached skill level 6 in Spellcasting
  4323 | D:3      | Found an iron altar of Okawaru.
  4565 | D:3      | Found a shimmering altar of Xom.
  5357 | D:3      | Identified a scroll of acquirement
  5361 | D:3      | Learned a level 2 spell: Passwall
  5361 | D:3      | Acquired the Incunabulum of Damaging Sinister Magic
  5534 | D:4      | Reached XP level 7. HP: 30/36 MP: 15/18
  5659 | D:5      | Entered Level 5 of the Dungeon
  5709 | D:5      | Identified the +5 hand axe "Zenumut" {venom, rPois rF+
                  | Dex+2} (You found it on level 5 of the Dungeon)
  6187 | D:5      | Found a stormy altar of Qazlal.
  6264 | D:5      | Reached skill level 7 in Spellcasting
  7037 | D:6      | Found a basalt altar of Yredelemnul.
  7049 | D:6      | Reached skill level 5 in Dodging
  7049 | D:6      | Reached skill level 8 in Spellcasting
  7049 | D:6      | Reached XP level 8. HP: 41/41 MP: 17/22
  7592 | D:6      | Found a shadowy altar of Dithmenos.
  7600 | D:6      | Found a shimmering blue altar of Sif Muna.
  7604 | D:6      | Fell from the grace of Ru
  7604 | D:6      | Became a worshipper of Sif Muna the Loreminder
  7707 | D:6      | Learned a level 4 spell: Dispel Undead
  7781 | D:7      | Reached skill level 9 in Spellcasting
  7997 | D:7      | Reached skill level 5 in Necromancy
  8468 | D:7      | Reached XP level 9. HP: 45/45 MP: 19/24
  8697 | D:8      | Reached skill level 10 in Spellcasting
  8733 | D:8      | You fall into a shaft and drop 2 floors!
  8733 | D:10     | Entered Level 10 of the Dungeon
  8850 | D:9      | Found a staircase to the Orcish Mines.
  9115 | D:8      | Found a hazy altar of Hepliaklqana.
  9146 | D:8      | Found a blossoming altar of Fedhas.
  9269 | D:8      | Noticed a centaur warrior
  9447 | D:9      | Reached skill level 11 in Spellcasting
  9519 | D:9      | Learned a level 5 spell: Borgnjor's Vile Clutch
 10111 | D:9      | Reached XP level 10. HP: 30/50 MP: 9/27
 10113 | D:9      | Reached * piety under Sif Muna
 10869 | D:10     | Noticed a gargoyle
 10874 | D:10     | Noticed an orange crystal statue
 10911 | D:10     | Reached skill level 12 in Spellcasting
 11311 | D:10     | Noticed a gargoyle
 11545 | D:11     | Noticed a two-headed ogre
 11557 | D:11     | Killed a two-headed ogre
 12292 | D:11     | Noticed a deep elf pyromancer
 12295 | D:11     | Killed a deep elf pyromancer
 12296 | D:11     | Reached skill level 13 in Spellcasting
 12420 | D:11     | Noticed a cyan ugly thing
 12426 | D:11     | Killed a cyan ugly thing
 12582 | D:8      | Killed a centaur warrior
 12583 | D:8      | Reached XP level 11. HP: 46/54 MP: 22/30
 12642 | D:8      | Reached ** piety under Sif Muna
 12643 | D:8      | Reached skill level 10 in Earth Magic
 13236 | D:8      | Found an opulent altar of Gozag.
 13468 | D:8      | Noticed a two-headed ogre
 13497 | D:8      | Found a staircase to the Lair.
 13734 | D:8      | Killed a two-headed ogre
 13735 | D:8      | Reached skill level 1 in Invocations
 13808 | D:8      | Noticed Harold
 13820 | D:8      | Killed Harold
 14697 | Lair:1   | Entered Level 1 of the Lair of Beasts
 14701 | Lair:1   | Acquired the +0 helmet of Aqevut {Regen+ Int+2}
 14743 | Lair:1   | Reached skill level 14 in Spellcasting
 14904 | Lair:1   | Identified the +1 leather armour of Love and Death {Drain
                  | rPois Will++ rCorr} (You found it on level 1 of the Lair of
                  | Beasts)
 15900 | Lair:2   | Found a hole to the Spider Nest.
 15940 | Lair:2   | Noticed an eight-headed hydra
 16301 | D:12     | Noticed a four-headed hydra
 16315 | D:12     | Killed a four-headed hydra
 16725 | Lair:2   | Reached skill level 10 in Dodging
 16777 | Lair:2   | Killed an eight-headed hydra
 16778 | Lair:2   | Reached skill level 15 in Spellcasting
 16850 | Lair:2   | Acquired 1057 gold pieces
 16858 | Lair:2   | Reached XP level 12. HP: 59/59 MP: 27/33
 16914 | Lair:2   | Found a runed translucent door.
 16919 | Lair:2   | Noticed bnorton916's ghost (journeyman DECj)
 18021 | Lair:3   | Found a staircase to the Swamp.
 18169 | Lair:3   | Found a runed translucent door.
 18470 | Lair:3   | Reached skill level 5 in Invocations
 18495 | Lair:3   | Noticed a six-headed hydra
 18502 | Lair:3   | Killed a six-headed hydra
 18502 | Lair:3   | Reached *** piety under Sif Muna
 18769 | Lair:2   | Reached skill level 10 in Necromancy
 19054 | Lair:3   | Reached skill level 16 in Spellcasting
 19678 | Lair:3   | Noticed OhItsWolfy's ghost (journeyman HOFi)
 20183 | Lair:4   | Noticed a catoblepas
 20993 | D:12     | Noticed a boulder beetle
 21022 | D:12     | Noticed a two-headed ogre
 21026 | D:12     | Killed a two-headed ogre
 21192 | D:12     | Reached XP level 13. HP: 63/63 MP: 25/35
 23771 | Lair:4   | Reached skill level 17 in Spellcasting
 26169 | Lair:5   | Found a runed translucent door.
 26174 | Lair:5   | Noticed Feinoh's ghost (journeyman OpFi)
 26527 | Lair:6   | Entered Level 6 of the Lair of Beasts
 26566 | Lair:6   | Identified the +8 chain mail of Boredom {Contam Will+ Int+4
                  | SInv}
 26580 | Lair:6   | Found a staircase to the Slime Pits.
 26918 | Lair:6   | Reached **** piety under Sif Muna
 27241 | Lair:6   | Reached XP level 14. HP: 68/68 MP: 10/37
 28185 | Lair:6   | Reached skill level 18 in Spellcasting
 29121 | Lair:6   | Found a staircase to the Slime Pits.
 30239 | Orc:1    | Entered Level 1 of the Orcish Mines
 30239 | Orc:1    | Found Jeukh's Magic Scroll Emporium.
 30345 | Orc:1    | Noticed Urug
 30351 | Orc:1    | Killed Urug
 30484 | Orc:1    | Bought a scroll of enchant weapon for 112 gold pieces
 30485 | Orc:1    | Bought a scroll of enchant armour for 112 gold pieces
 30523 | Orc:1    | Found Buugyc's Armour Emporium.
 30574 | Orc:1    | Found Ristin's Assorted Antiques.
 30597 | Orc:1    | Bought 2 blue potions for 41 gold pieces
 30597 | Orc:1    | Bought a scroll of enchant weapon for 172 gold pieces
 30597 | Orc:1    | Bought a purple potion for 20 gold pieces
 30682 | Orc:1    | Found Juvvawom's Distillery.
 30725 | Orc:1    | Found Lingecvu's Antique Weapon Emporium.
 31208 | Orc:2    | Entered Level 2 of the Orcish Mines
 31208 | Orc:2    | Found a staircase to the Elven Halls.
 31404 | Orc:2    | Found a runed translucent gate.
 31405 | Orc:2    | Found a runed translucent gate.
 31406 | Orc:2    | Found a runed translucent gate.
 31408 | Orc:2    | Noticed velxir3's ghost (journeyman GnWn)
 31679 | Orc:2    | Noticed Saint Roka
 31947 | D:13     | Found a gate to the Vaults.
 32149 | D:13     | Found Inaot's Distillery.
 32178 | D:13     | Found a gate leading to a gauntlet.
 32187 | Gauntlet | Entered a Gauntlet
 32187 | Gauntlet | Found a transporter.
 32187 | Gauntlet | Found a transporter.
 32245 | Gauntlet | Found a transporter.
 32257 | Gauntlet | Found a transporter.
 32275 | Gauntlet | Found a transporter.
 32275 | Gauntlet | Found a transporter.
 32275 | Gauntlet | Found a transporter.
 32277 | Gauntlet | Found a transporter.
 32277 | Gauntlet | Found a transporter.
 32289 | Gauntlet | Found a transporter.
 32306 | Gauntlet | Found a transporter.
 32316 | Gauntlet | Found a transporter.
 32333 | Gauntlet | Found a transporter.
 32350 | Gauntlet | Found a transporter.
 32404 | Gauntlet | Noticed an ironbound preserver
 32762 | Gauntlet | Reached ***** piety under Sif Muna
 33184 | D:13     | Reached XP level 15. HP: 72/72 MP: 27/39
 33192 | D:13     | Received a gift from Sif Muna
 33193 | D:13     | Got Sif Muna's Advanced Spellweaving {god gift}
 33917 | D:13     | Acquired 1183 gold pieces
 34245 | D:14     | Found a sacrificial altar of Ru.
 34450 | D:14     | Noticed Louise
 34482 | D:15     | Entered Level 15 of the Dungeon
 34488 | D:15     | Reached skill level 19 in Spellcasting
 35059 | D:15     | Found a staircase to the Depths.
 35482 | D:15     | Noticed Jorgrun
 36341 | Lair:2   | Killed bnorton916's ghost
 36414 | Lair:2   | Learned a level 5 spell: Bolt of Magma
 36415 | Spider:1 | Entered Level 1 of the Spider Nest
 36415 | Spider:1 | Noticed Agnes
 36535 | Lair:3   | Killed OhItsWolfy's ghost
 36693 | Swamp:1  | Entered Level 1 of the Swamp
 37334 | Swamp:1  | Identified the +3 leather armour of Rorub {Fly rC+}
 37661 | Swamp:1  | Reached skill level 10 in Invocations
 38019 | Swamp:2  | Learned a level 3 spell: Portal Projectile
 38026 | Swamp:2  | Learned a level 6 spell: Statue Form
 38197 | Swamp:2  | Noticed a tentacled monstrosity
 38816 | Swamp:2  | Killed a tentacled monstrosity
 38817 | Swamp:2  | Reached XP level 16. HP: 76/76 MP: 26/41
 39925 | Swamp:3  | Identified the +10 double sword of Niucw {distort, +Blink
                  | rC- rN+ Will+}
 39941 | Swamp:3  | Noticed a tentacled monstrosity
 39946 | Swamp:3  | Killed a tentacled monstrosity
 39947 | Swamp:3  | Reached skill level 20 in Spellcasting
 39947 | Swamp:3  | Reached skill level 15 in Necromancy
 40048 | Swamp:3  | Identified the +0 leather armour "Sehu" {rN+}
 40101 | Swamp:3  | Reached skill level 15 in Earth Magic
 40169 | Swamp:3  | Noticed Bai Suzhen
 40546 | Lair:5   | Killed Feinoh's ghost
 40673 | Slime:1  | Entered Level 1 of the Pits of Slime
 40708 | Slime:1  | Splashed with acid

Illustrated notes

Levels and vault maps discovered:
D:1:      lightli_arrival_isolated_outpost, layout_rooms, st_stairs_11,
          minmay_misc_feat_iff
D:2:      layout_loops_corners
D:3:      layout_loops_ring, okawaru_altar_gauntlet_db, xom_teletrap_fun,
          wad_woods_river_04
D:4:      kennysheep_the_goblin_king, layout_loops_ring, temple_doors_ab
D:5:      layout_layer_cave, nicolae_qazlal_general_emergency
D:6:      layout_loops_ring, overflow_temple_1_default,
          mainiacjoe_overflow_big_doors
D:7:      layout_basic
D:8:      minmay_skewed_foursquare, layout_layer_cave,
          mainiacjoe_overflow_cross_hatched, mainiacjoe_overflow_two_lobes,
          minmay_puff, uniq_harold
D:9:      layout_stronghold, orc_0_dummy
D:10:     layout_cave_pools, disabler_island
D:11:     layout_gridville
D:12:     layout_basic
D:13:     layout_loops_ring, david_vaults_5, serial_shops,
          nicolae_shop_statue_plus, gauntlet_entry_generic, enter_bailey_2,
          minmay_increasing_density
D:14:     layout_basic, lemuel_tele_altar, uniq_louise
D:15:     grunt_enter_depths_snipers, layout_gridville, feat_on_display,
          uniq_jorgrun
Temple:   nicolae_temple_figure_eight
Lair:1:   layout_hall_layers, grunt_forest_stairs_basic
Lair:2:   layout_cave_pods, spider_nest_entry_rubble, gammafunk_ghost_grave
Lair:3:   layout_regular_city, minmay_swamp_entry_swarm,
          ebering_ghost_reflecting_pool, grunt_megastairs_3,
          minmay_lair_oklob_chamber
Lair:4:   layout_regular_city, grunt_megastairs_1
Lair:5:   layout_cave_pods, ebering_ghost_reflecting_pool
Lair:6:   evilmike_catoblepas_cave, layout_small_grid, slime_dummy,
          grunt_megastairs_5, infiniplex_staircase_pool
Swamp:1:  layout_falls_marsh, nicolae_swamp_orc_logging_accident,
          infiniplex_staircase_pool_2
Swamp:2:  layout_basic_swamp, nicolae_swamp_tree_designs
Swamp:3:  layout_basic_swamp, nicolae_swamp_trees_clearing, swamp_pool1,
          uniq_bai_suzhen
Spider:1: layout_spider_delve, nicolae_spider_nook, uniq_agnes, uniq_donald
Slime:1:  layout_caves, basic_altar
Orc:1:    layout_caves, serial_shops, shop_statue, nicolae_shop_statue_plus,
          shop, nicolae_square_shop, shop, uniq_urug
Orc:2:    grunt_orc_community_town_hall, layout_diamond_mine,
          grunt_orc_community_big_house_2, grunt_orc_community_big_house_2,
          grunt_orc_community_house_3, grunt_orc_community_house_2,
          grunt_orc_community_house_2, grunt_orc_community_house_3,
          grunt_orc_community_house_3, grunt_orc_community_house_3,
          serial_shops, nicolae_shop_behind_doors, ebering_ghost_rock_garden

Skill      XL: |  1  2  3  4  5  6  7  8  9 10 11 12 13 14 15 16 |
---------------+-------------------------------------------------+-----
Earth Magic    | 4 5 6 7 8 9 11 12 13 14 15 | 15.0
Dodging        | 3 4 5 6 7 8 10 11 13 14 | 14.2
Spellcasting   | 4 5 6 8 9 11 13 15 16 17 18 19 20 | 20.0
Necromancy     | 1 2 3 4 5 6 8 9 10 12 13 14 15 | 15.0
Stealth        | 3 4 |  4.9
Invocations    | 3 6 7 9 10 | 10.6
Transmutations | |  1.1

Action                   |  1- 3 |  4- 6 |  7- 9 | 10-12 | 13-15 | 16-18 || total
-------------------------+-------+-------+-------+-------+-------+-------++-------
Melee: Dagger            |     1 |    54 |       |       |       |       ||    55
       Hand axe          |       |       |     2 |     6 |       |       ||     8
 Fire: Longbow           |       |       |       |   113 |   229 |    25 ||   367
Throw: Dart              |       |       |    16 |    20 |     3 |       ||    39
       Boomerang         |       |       |       |     3 |       |       ||     3
       Stone             |       |       |       |       |     1 |       ||     1
 Cast: Sandblast         |    59 |    37 |    97 |   195 |    77 |       ||   465
       Apportation       |     4 |       |    35 |   160 |    60 |     7 ||   266
       Stone Arrow       |       |    40 |    36 |    63 |   391 |    19 ||   549
       Passwall          |       |     1 |       |       |     1 |       ||     2
       Dispel Undead     |       |       |     2 |    11 |    11 |       ||    24
       Borgnjor's Vile C |       |       |       |    51 |   220 |    19 ||   290
       Bolt of Magma     |       |       |       |       |    29 |     8 ||    37
       Statue Form       |       |       |       |       |     1 |     7 ||     8
       Portal Projectile |       |       |       |       |       |     1 ||     1
Invok: Reject Sacrifices |       |       |     1 |       |       |       ||     1
       Channel Magic     |       |       |       |       |    20 |       ||    20
Evoke: Wand              |       |       |     2 |     6 |     5 |       ||    13
       Box of beasts     |       |       |       |       |     1 |       ||     1
  Use: Scroll            |       |     5 |     2 |    10 |    25 |     3 ||    45
       Potion            |       |       |       |     1 |     4 |     1 ||     6
 Stab: Sleeping          |       |     1 |       |     1 |       |       ||     2
Armor: Robe              |     7 |    11 |    10 |    19 |       |       ||    47
       Leather armour    |       |       |       |     7 |    42 |     1 ||    50
       Skin              |       |       |       |       |       |    11 ||    11
Dodge: Dodged            |    12 |    18 |    22 |    74 |   160 |    14 ||   300
Block: Other             |       |       |     2 |    24 |    41 |     3 ||    70
       Reflection        |       |       |     2 |     2 |     6 |       ||    10
